Map: Blackpink LE

Players

Dessa

  • Race: Zerg Zerg
  • League: Diamond
  • Spawn Location: 1:00

Flash - Winner!

  • Race: Terran Terran
  • Spawn Location: 7:00

VOD

Have the link to the VOD?

Description

Time

  • Played on: Dec. 13, 2017, 9:32 a.m.
  • Length: 12:55
Show
View Real Time Build Order
Export as new Build Order

Dessa Zerg 

Build Orders: Hatch First 

Get SALT Encoding   

  12  0:01  Drone  
  13  0:12  Overlord  
  13  0:19  Drone  
  14  0:30  Drone x2  
  16  0:36  Drone  
  17  0:53  Hatchery  
  17  0:56  Drone  
  17  1:01  Extractor  
  16  1:06  Drone  
  17  1:16  Spawning Pool  
  16  1:21  Drone  
  17  1:26  Drone  
  17  1:30  Drone  
  19  1:41  Overlord  
  19  2:03  Zergling x4  
  19  2:04  Queen  
  19  2:05  Metabolic Boost  
  23  2:08  Queen  
  23  2:14  Drone  
  26  2:16  Drone  
  26  2:19  Drone  
  28  2:28  Drone  
  28  2:29  Overlord  
  28  2:55  Drone, Baneling Nest  
  28  2:56  Drone  
  28  2:57  Drone  
  28  2:58  Drone x2, Extractor  
  31  3:00  Queen  
  33  3:16  Drone x2  
  33  3:17  Drone  
  36  3:23  Drone x2  
  36  3:24  Drone  
  36  3:25  Overlord  
  39  3:45  Lair  
  39  3:46  Drone  
  39  3:47  Drone  
  41  3:51  Drone  
  41  3:53  Drone  
  41  3:54  Drone, Hatchery  
  43  4:00  Drone x3  
  46  4:05  Drone  
  46  4:06  Evolution Chamber  
  46  4:08  Drone  
  46  4:16  Drone, Roach Warren  
  34  4:55  Drone x6  
  34  4:56  Drone x5  
  45  5:04  Glial Reconstitution  
  45  5:07  Roach x3  
  45  5:08  Queen  
  45  5:10  Overlord  
  53  5:32  Drone x4  
  57  5:36  Drone, Extractor  
  57  5:37  Drone x3, Extractor  
  57  5:38  Drone x2  
  57  5:39  Overlord  
  57  5:42  Zergling x2  
  62  5:46  Zerg Ground Armor Level 1  
  62  5:53  Drone  
  62  5:55  Spire  
  62  5:56  Drone x3  
  65  5:59  Drone x2  
  65  6:00  Zergling x2  
  67  6:12  Roach x3  
  73  6:24  Overlord x2  
  73  6:32  Overlord x2  
  73  6:49  Roach x5  
  73  6:50  Roach x2  
  73  6:52  Ravager x4  
  73  6:53  Ravager x2  
  93  6:54  Roach  
  93  6:55  Roach x2  
  99  7:12  Roach x3  
  105  7:34  Overlord x2  
  105  7:41  Spine Crawler  
  105  7:42  Spine Crawler, Drone x2  
  105  7:43  Drone x2, Spine Crawler x2  
  105  7:51  Overlord x2  
  105  7:52  Roach  
  105  7:54  Zerg Missile Weapons Level 1  
  98  8:19  Mutalisk  
  65  8:20  Mutalisk x7  
  78  8:32  Drone x3  
  78  8:33  Drone x2  
  83  8:39  Zergling x6  
  83  8:40  Mutalisk x2  
  88  8:45  Extractor, Zerg Flyer Weapons Level 1  
  87  8:49  Extractor  
  86  9:00  Mutalisk  
  85  9:10  Mutalisk  
  77  9:33  Drone x3  
  77  9:34  Drone x6  
  77  9:35  Drone  
  77  9:36  Drone  
  77  9:37  Drone x2  
  77  9:38  Drone x2, Extractor  
  91  9:39  Drone x3  
  91  9:40  Hatchery  
  91  9:42  Zergling x6, Extractor x2  
  94  9:48  Zergling x2  
  94  9:50  Queen  
  81  10:20  Infestation Pit  
  80  10:33  Roach  
  80  10:34  Roach x8  
  80  10:35  Roach x5  
  108  10:41  Zerg Melee Weapons Level 1  
  108  10:45  Roach, Evolution Chamber  
  108  10:46  Roach  
  108  10:49  Roach  
  111  10:56  Zergling x12  
  115  11:00  Queen  
  117  11:06  Zergling x10  
  117  11:07  Zergling x2  
  121  11:22  Zergling x2, Roach x3  
  121  11:25  Roach x2  
  130  11:26  Roach x2  
  130  11:30  Hive  
  130  11:32  Hydralisk Den  
  133  11:49  Overlord  
  133  11:50  Overlord x5  
  133  11:53  Pneumatized Carapace  
  98  12:19  Zergling x4  
  98  12:20  Zergling x12  
  98  12:21  Zergling x10  
  81  12:25  Zergling x18  
Show
View Real Time Build Order
Export as new Build Order

Flash Terran - Winner!

Build Orders: Hellion Opening, Reaper Expand, Mech 

Get SALT Encoding   

  12  0:01  SCV  
  13  0:13  SCV  
  14  0:17  Supply Depot  
  14  0:25  SCV  
  14  0:27  Refinery  
  15  0:39  SCV  
  16  0:45  Barracks  
  16  0:51  SCV  
  17  1:03  SCV  
  18  1:15  SCV  
  19  1:32  Orbital Command  
  19  1:33  Reaper  
  20  1:43  Command Center  
  20  1:58  SCV  
  21  2:05  Factory  
  21  2:07  Barracks Reactor  
  21  2:10  SCV  
  21  2:14  Supply Depot  
  22  2:22  SCV  
  23  2:25  Refinery  
  23  2:35  SCV  
  24  2:47  SCV  
  25  2:54  Factory  
  25  2:57  Hellion  
  25  2:58  Hellion  
  30  2:59  Orbital Command  
  30  3:00  SCV  
  30  3:12  SCV, Barracks Tech Lab  
  31  3:19  Hellion x2  
  35  3:25  SCV  
  36  3:40  Hellion  
  37  3:43  SCV x2  
  37  3:45  Hellion, Supply Depot  
  37  3:47  Infernal Pre-Igniter, Siege Tank  
  44  3:54  Refinery  
  44  3:55  SCV  
  45  3:56  Refinery  
  45  4:01  SCV  
  46  4:07  Hellion x2, SCV  
  51  4:13  Supply Depot  
  51  4:14  SCV  
  52  4:19  SCV  
  52  4:20  Siege Tank  
  56  4:26  SCV  
  57  4:31  SCV  
  58  4:52  Hellion x2, SCV x2  
  58  4:55  Command Center  
  54  5:04  SCV  
  54  5:06  Armory  
  53  5:09  SCV  
  53  5:11  Armory  
  54  5:16  SCV  
  54  5:18  Siege Tank  
  54  5:21  Hellion  
  60  5:25  Hellion  
  62  5:29  SCV  
  62  5:30  SCV  
  64  5:41  Supply Depot  
  64  5:43  Supply Depot  
  64  5:48  Hellion x2  
  68  5:50  SCV  
  68  5:51  SCV  
  70  6:03  Siege Tank  
  73  6:04  Factory x2  
  73  6:09  Factory  
  73  6:15  Hellion x2, SCV x2  
  79  6:27  Supply Depot  
  79  6:28  Terran Vehicle And Ship Armor Level 1, Terran Vehicle Weapons Level 1  
  79  6:29  Supply Depot  
  79  6:35  Siege Tank  
  79  6:38  Orbital Command  
  82  6:40  SCV  
  82  6:42  SCV  
  84  6:54  Supply Depot  
  84  6:56  Factory Tech Lab  
  84  6:57  Factory Tech Lab, Factory Reactor  
  84  6:59  Hellion  
  84  7:00  Hellion  
  88  7:02  SCV  
  88  7:07  Siege Tank  
  90  7:11  SCV  
  90  7:12  SCV  
  90  7:14  SCV, Refinery  
  93  7:16  Refinery  
  93  7:21  Siege Tank  
  93  7:22  Siege Tank  
  97  7:25  Cyclone  
  97  7:28  Cyclone  
  103  7:34  Cyclone  
  103  7:35  SCV x3  
  109  7:39  Siege Tank  
  112  7:53  Hellion, SCV x3  
  112  7:54  Siege Tank x2  
  112  7:58  Hellion  
  125  7:59  Orbital Command  
  125  8:00  Supply Depot  
  125  8:03  Supply Depot  
  125  8:04  Supply Depot  
  125  8:06  Supply Depot  
  125  8:13  SCV x2  
  111  8:23  Siege Tank  
  111  8:24  Cyclone  
  111  8:26  Siege Tank x2  
  123  8:35  SCV x2  
  123  8:36  SCV  
  126  8:43  Hellion x2  
  126  8:45  Supply Depot  
  126  8:47  Supply Depot  
  130  8:53  Engineering Bay  
  130  8:56  Siege Tank  
  130  8:58  Siege Tank  
  130  8:59  Thor  
  126  9:11  Terran Vehicle Weapons Level 2  
  126  9:16  Supply Depot x2  
  110  9:23  Missile Turret x2  
  102  9:29  Command Center  
  100  9:33  Widow Mine x3  
  97  9:38  Thor  
  97  9:41  Thor  
  109  9:47  Missile Turret  
  109  9:52  Missile Turret  
  109  9:57  Missile Turret  
  109  10:00  Missile Turret  
  103  10:10  Thor  
  107  10:21  Thor  
  107  10:23  Thor  
  125  10:43  Widow Mine x3  
  125  10:49  Missile Turret x2  
  125  10:51  Cyclone  
  125  10:52  SCV  
  125  10:53  Cyclone  
  132  11:02  Supply Depot  
  132  11:04  Cyclone  
  132  11:10  Refinery  
  135  11:11  Missile Turret  
  135  11:13  Refinery  
  135  11:15  Thor  
  135  11:17  Hellion  
  143  11:19  Hellion  
  143  11:25  Missile Turret  
  145  11:28  Planetary Fortress  
  145  11:30  SCV x2  
  147  11:44  Siege Tank  
  147  11:45  Siege Tank  
  153  11:52  SCV x3  
  156  11:54  Missile Turret  
  156  11:57  Cyclone  
  156  11:59  Cyclone  
  162  12:04  SCV x2  
  162  12:05  SCV  
  145  12:18  Siege Tank x3  
  151  12:50  Command Center  
Tags
 
Composition
Mech
League
Diamond
Matchup
TvZ
Replay Pack
2017S4
Spawn Locations
Cross Positions
Add a new tag
Caveats
  • Supply blocks, unpowered buildings, or Contaminate may cause inaccurate times.
  • Supply counts are checked every 10 seconds.